 Dungeon Crawl Stone Soup version 0.27.1-4-g1640c2035a (webtiles) character file.

Game seed: 1493473102020769826

24 Descartes the Shield-Bearer (level 2, 0/24 HPs)
             Began as a Demonspawn Fighter on Nov 17, 2021.
             Was an Initiate of Ashenzari.
             Succumbed to an adder's poison
             ... on level 2 of the Dungeon.
             The game lasted 00:03:16 (777 turns).

Descartes the Shield-Bearer (Demonspawn Fighter)     Turns: 777, Time: 00:03:16

Health: 0/24       AC:  6    Str: 16    XL:     2   Next: 79%
Magic:  12/12      EV:  9    Int:  9    God:    Ashenzari [......]
Gold:   29         SH:  9    Dex: 12    Spells: 3/3 levels left

rFire    . . .     SeeInvis .   a - +0 long sword
rCold    . . .     Faith    .   c - +0 kite shield of Ashenzari's Oracle {Comp, Self} (curse)
rNeg     . . .     Spirit   .   b - +0 scale mail
rPois    .         Reflect  .   (no helmet)
rElec    .         Harm     .   (no cloak)
rCorr    .         Rampage  .   (no gloves)
Will     .....                  (no boots)
Stlth    ..........             (no amulet)
HPRegen  0.08/turn              i - ring of magical power
MPRegen  0.13/turn              (no ring)

@: lethally poisoned (0 -> -1)
A: repulsion field 1
a: Renounce Religion, Shatter the Chains


You were on level 2 of the Dungeon.
You worshipped Ashenzari.
Ashenzari was noncommittal.
You visited 1 branch of the dungeon, and saw 2 of its levels.

You collected 29 gold pieces.

Inventory:

Hand Weapons
 a - a +0 long sword (weapon)
Missiles
 g - 35 sling bullets
Armour
 b - a +0 scale mail (worn)
 c - the cursed +0 kite shield of Ashenzari's Oracle (worn) {Comp, Self}

   It has a curse which improves the following skills: Companions: Summonings
   and Necromancy.
   Introspection: Fighting and Spellcasting.
 f - a +0 chain mail
Jewellery
 i - a ring of magical power (left hand)
Scrolls
 e - 2 scrolls of amnesia
 j - 2 scrolls of blinking
Potions
 d - a potion of might
 h - a potion of flight


   Skills:
 - Level 3.0(3.4) Fighting
 - Level 1.7 Long Blades
 - Level 2.6 Armour
 + Level 3.4 Shields
 + Level 1.0(1.3) Spellcasting


You had 3 spell levels left.
You didn't know any spells.
Your spell library was empty.

Dungeon Overview and Level Annotations

Branches:
Dungeon (2/15)

Altars:
Ashenzari


Innate Abilities, Weirdness & Mutations

You are surrounded by a mild repulsion field. (EV +2)


Message History

You are too injured to fight recklessly!
You are too injured to fight recklessly!
You are too injured to fight recklessly!
You are too injured to fight recklessly!
You are too injured to fight recklessly!
You are too injured to fight recklessly!
You are too injured to fight recklessly!
You are too injured to fight recklessly!
An adder is nearby!
You are too injured to fight recklessly!
Unknown command.
You are too injured to fight recklessly!
You are too injured to fight recklessly!
You completely miss the adder.
The adder is severely wounded.
You feel sick. You block the adder's attack.
The adder bites you but does no damage.
You miss the adder.
The adder is severely wounded.
You feel sick. You block the adder's attack. The adder bites you.
You are lethally poisoned!
The adder poisons you!
You closely miss the adder.
The adder is severely wounded.
* * * LOW HITPOINT WARNING * * *
You feel sick. You block the adder's attack.
You miss the adder.
The adder is severely wounded.
* * * LOW HITPOINT WARNING * * *
You feel sick. You block the adder's attack. The adder barely misses you. x2
You slash the adder!
You kill the adder!
* * * LOW HITPOINT WARNING * * *
You feel sick.
Your Spellcasting skill increases to level 1!
* * * LOW HITPOINT WARNING * * *
You feel sick.
Unknown command.
There is a lethal amount of poison in your body!
You die...

..... ......
...... #....#
#######....###
#...$........#
#............#
#....@.......#
#............#
#............#+##
#................
#................
#................
#########........
#........
#........


There were no monsters in sight!

Vanquished Creatures
  An adder (D:2)
  2 endoplasms (D:1)
  3 jackals (D:1)
  2 ball pythons (D:1)
  A bat (D:1)
  A frilled lizard (D:1)
  3 goblins (D:1)
  3 rats (D:1)
16 creatures vanquished.

Notes
Turn   | Place    | Note
-------+----------+-------------------------------------------
     0 | D:1      | Descartes the Demonspawn Fighter began the quest for the
                  | Orb.
     0 | D:1      | Reached XP level 1. HP: 18/18 MP: 1/1
   500 | D:1      | Gained mutation: You are surrounded by a mild repulsion
                  | field. (EV +2) [demonic ancestry]
   500 | D:1      | Reached XP level 2. HP: 24/24 MP: 2/2
   726 | D:1      | Found a faded altar of an unknown god.
   729 | D:1      | Became a worshipper of Ashenzari the Shackled
   776 | D:2      | Reached skill level 1 in Spellcasting
   776 | D:2      | HP: 1/24 [poisoned by an adder]
   777 | D:2      | Succumbed to an adder's poison

Illustrated notes

Levels and vault maps discovered:
D:1:      elethiomel_arrival_quiet, layout_rooms,
          shapermc_ecumenical_altar_mp_vishouse
D:2:      minmay_evil_eye, layout_basic

Skill      XL: |  1  2 |
---------------+-------+-----
Shields        | 3 |  3.4
Spellcasting   | 1 |  1.0
Fighting       | |  3.0
Long Blades    | |  1.7
Armour         | |  2.6

Action                   || total
-------------------------++-------
Melee: Long sword        ||    56
Invok: Curse Item        ||     1
Armor: Scale mail        ||    32
Dodge: Dodged            ||    18
Block: Kite shield       ||    44
       Rpst.: Long sword ||     5
